 Dungeon Crawl Stone Soup version 0.28-a0-1334-g1c9ffb4daf (webtiles) character file.

Game seed: 15825837556256732936

18629 Lekart the Cleaver (level 12, -3/117 HPs)
             Began as a White Draconian Chaos Knight on Dec 28, 2021.
             Was a Plaything of Xom.
             Slain by a cyan ugly thing (5 damage)
             ... on level 13 of the Dungeon.
             The game lasted 00:32:03 (10499 turns).

Lekart the Cleaver (White Draconian Chaos Knight)  Turns: 10499, Time: 00:32:04

Health: -3/117     AC: 10    Str: 21    XL:     12   Next: 29%
Magic:  6/12       EV: 19    Int: 20    God:    Xom [......]
Gold:   530        SH:  0    Dex: 22    Spells: 11/11 levels left

rFire   + . .      SeeInvis .   y - +10 scimitar of the Evening {vamp, rF+ Int+2}
rCold   + . .      Faith    .   I - orb {light}
rNeg    . . .      Spirit   .   (armour unavailable)
rPois   +          Reflect  .   (helmet restricted)
rElec   +          Harm     .   g - +0 cloak
rCorr   +          Rampage  .   A - +0 pair of gloves
Will    .....      Clarity  +   (no boots)
Stlth   ++........              (no amulet)
HPRegen 0.29/turn               p - ring "Usasaw" {rC- Str+3 Int+6 Dex+5}
MPRegen 0.13/turn               B - ring "Zatoink" {rElec rCorr Str+2 Slay+4}

@: glowing
A: breathe frost, AC +8, unfitting armour, cold resistance 2, cold-blooded,
beak, hooves 1, horns 1, stinger 1, thin skeletal structure 1, clarity, sense
surroundings 2, poison resistance, robust 1, wild magic 2, evolution 2,
MP-powered wands
a: Breathe Frost, Renounce Religion


You were on level 13 of the Dungeon.
You worshipped Xom.
You were a very special plaything of Xom.
You visited 1 branch of the dungeon, and saw 13 of its levels.
You also visited: Ossuary.

You collected 1584 gold pieces.
You spent 1054 gold pieces at shops.

Inventory:

Hand Weapons
 a - a +1 hand axe of chaos
 y - the +10 scimitar of the Evening (weapon) {vamp, rF+ Int+2}
   (You bought it in a shop on level 3 of the Dungeon)

   It occasionally heals its wielder for a portion of the damage dealt when it
   wounds a living foe.
   Int:       It affects your intelligence (+2).
   rF:        It protects you from fire.
Missiles
 H - 2 throwing nets (quivered)
Armour
 g - a +0 cloak (worn)
 o - an orb of energy
 A - a +0 pair of gloves (worn)
 I - an orb of light (worn)
Jewellery
 e - an amulet of regeneration
 p - the ring "Usasaw" (left hand) {rC- Str+3 Int+6 Dex+5}
   (You found it on level 6 of the Dungeon)

   [ring of intelligence]

   Str:       It affects your strength (+3).
   Int:       It affects your intelligence (+6).
   Dex:       It affects your dexterity (+5).
   rC:        It makes you vulnerable to cold.
 B - the ring "Zatoink" (right hand) {rElec rCorr Str+2 Slay+4}
   (Xom gifted it to you on level 7 of the Dungeon)

   [ring of slaying]

   Str:       It affects your strength (+2).
   Slay:      It affects your accuracy & damage with ranged weapons and melee
   (+4).
   rElec:     It insulates you from electricity.
   rCorr:     It protects you from acid and corrosion.
 C - a ring of ice
 D - a ring of protection from cold
 E - a +6 ring of strength
 J - the amulet of Broken Luck {Reflect rF++ rC+ Str+3 SH+5}
   (You found it on level 13 of the Dungeon)

   [amulet of reflection]

   It reflects blocked missile attacks.
   Str:       It affects your strength (+3).
   rF:        It greatly protects you from fire.
   rC:        It protects you from cold.
   SH:        It affects your SH (+5).
Wands
 c - a wand of mindburst (2)
 d - a wand of acid (15)
 F - a wand of flame (16)
 G - a wand of digging (4)
Scrolls
 b - a scroll of teleportation
 f - 2 scrolls of holy word
 h - 7 scrolls of identify
 i - a scroll of magic mapping
 j - a scroll of enchant armour
 n - 2 scrolls of summoning
 u - a scroll of enchant weapon
 v - a scroll of fear
 x - 3 scrolls of blinking
 K - 2 scrolls of silence
Potions
 k - a potion of flight
 l - 6 potions of heal wounds
 m - 2 potions of mutation
 q - a potion of attraction
 r - 2 potions of invisibility
 s - 3 potions of might
 t - 2 potions of brilliance
 w - a potion of haste {unknown}
 z - 6 potions of curing
Miscellaneous
 L - a piece from Xom's chessboard (inert)


   Skills:
 + Level 10.5 Fighting
 + Level 9.9 Long Blades
 + Level 11.2 Axes
 + Level 9.2 Dodging
 + Level 4.2 Stealth
 + Level 3.7 Evocations


You had 11 spell levels left.
You didn't know any spells.
Your spell library contained the following spells:

 Spells                   Type           Power      Damage    Failure   Level
 Summon Small Mammal      Summ           0%         N/A       34%         1
 Static Discharge         Conj/Air       0%         N/A       45%         2
 Call Canine Familiar     Summ           0%         N/A       67%         3
 Summon Guardian Golem    Hex/Summ       0%         N/A       67%         3
 Dispel Undead            Necr           0%         3d6       95%         4
 Fulminant Prism          Conj/Hex       0%         3d6       95%         4
 Iskenderun's Mystic Bla  Conj/Tloc      0%         2d3       95%         4
 Sticky Flame             Conj/Fire      0%         2d3       95%         4
 Lee's Rapid Deconstruct  Erth           0%         3d5*      100%        5


Dungeon Overview and Level Annotations

Branches:
Dungeon (13/15)            Temple (0/1) D:5            Lair (0/6) D:10
    Orc (0/2) D:9         Ossuary (visited)
 Vaults: D:13-14

Altars:
Xom
The Shining One

Shops:
D:3 ((*[(   D:5 !

Annotations:
D:13 Azrael


Innate Abilities, Weirdness & Mutations

You can breathe waves of freezing cold which knock back foes.
Your icy white scales are hard. (AC +8)
You cannot fit into any form of body armour.
Your flesh is very cold resistant. (rC++)
You are cold-blooded and may be slowed by cold attacks.
You have a beak for a mouth.
You have large cloven feet.
You have a pair of small horns on your head.
Your tail ends in a venomous barb.
You have a somewhat thin skeletal structure. (Dex +2, Stealth+)
You possess an exceptional clarity of mind.
You passively map the area around you.
Your system is resistant to poisons. (rPois)
You are robust. (+10% HP)
Your spells are harder to cast, but more powerful.
You have great hidden genetic potential.
You expend magic power (3 MP) to strengthen your wands.


Message History

The hell hound is lightly wounded.
The hell hound closely misses you.
You slash the hell hound!
You kick the hell hound, but do no damage.
You headbutt the hell hound!
The hell hound is severely wounded.
The hell hound completely misses you. The hell hound breathes flames at you.
The blast of flame hits you! You resist.
* * * LOW HITPOINT WARNING * * *
You slice the hell hound!!
You kill the hell hound!
J - the amulet of Broken Luck {Reflect rF++ rC+ Str+3 SH+5} You start resting.
A cyan ugly thing comes into view.
A cyan ugly thing is nearby!
You start removing your amulet.
You continue taking off your amulet of regeneration. x4
You finish taking off your amulet of regeneration.
The centaur warrior shouts!
You slash the cyan ugly thing! You kick the cyan ugly thing.
You peck the cyan ugly thing.
The cyan ugly thing is moderately wounded.
The centaur warrior wields a +0 longbow.
The centaur warrior shoots an arrow.
The arrow hits you!!
A shower of butterflies erupts from you!
The cyan ugly thing trunk-slaps you!
* * * LOW HITPOINT WARNING * * *
The cyan ugly thing shocks you. You resist.
* * * LOW HITPOINT WARNING * * *
You slice the cyan ugly thing!! You kick the cyan ugly thing.
You headbutt the cyan ugly thing.
The cyan ugly thing is severely wounded.
The centaur warrior shoots an arrow.
The arrow hits you!
* * * LOW HITPOINT WARNING * * *
The cyan ugly thing trunk-slaps you!
* * * LOW HITPOINT WARNING * * *
The cyan ugly thing shocks you. You resist.
You die...
Xom titters!

* ..[.........#
#....... * ,
.........$.[#
#(...... *
...........#
##...... * *,
...........# #......
,,,.....c.....#
##..... *
######...†.# ##....#
*
#.....########..#.##
#..u...........##...
* *
#..@......)...##..#.
#..bb.#####......##.
#...b.# #...#.##.. *
* #.....# #..##....#
######. #.....#
#.##..#.## .......
#.....# #....##...
......# #####.#
#...##.... ......#
#.# #.........
......# #.###
#...##....


You could see a cyan ugly thing and a centaur warrior (ally target).

Vanquished Creatures
  Kirke (D:12)
  2 hydras (D:13)
  A boulder beetle (D:11)
  2 two-headed ogres
  Nergalle (D:12)
  A glowing orange brain (D:11)
  Pikel (D:9)
  An ugly thing (D:12)
  A manticore (D:11)
  An unseen horror (D:13)
  A gargoyle (D:12)
  2 komodo dragons
  9 trolls
  5 slime creatures (D:12)
  A shadow (D:10)
  A wyvern (D:10)
  4 steam dragons
  5 vampire mosquitoes
  2 acid dragons
  A hell hound (D:13)
  2 hornet zombies
  A water moccasin (D:6)
  3 black bears
  2 sky beasts
  3 necrophages
  6 orc warriors
  4 ice beasts
  9 centaurs
  5 kobold brigands
  2 lemures (D:9)
  2 phantoms (D:4)
  A gnoll sergeant (D:10)
  11 scorpions
  2 water moccasin skeletons
  6 killer bees
  4 wights (D:6)
  3 howler monkeys
  3 centaur zombies
  A bullfrog zombie (D:6)
  5 jellies
  A gnoll shaman (D:9)
  3 hounds
  A human zombie (Ossuary)
  A bullfrog skeleton (D:6)
  4 orc priests
  A centaur skeleton (D:7)
  5 scorpion zombies
  An iguana (D:6)
  8 orc wizards
  3 mummies (Ossuary)
  Robin (D:3)
  4 howler monkey zombies
  2 howler monkey skeletons
  9 adders
  15 gnolls
  3 ufetubi
  3 worms
  4 dart slugs
  39 orcs
  2 endoplasms
  2 giant cockroaches (D:1)
  9 goblins
  11 hobgoblins
  7 jackals
  A quokka (D:1)
  9 ball pythons
  4 bats
  6 frilled lizards
  2 gnoll zombies (Ossuary)
  4 goblin zombies (Ossuary)
  2 hobgoblin zombies (Ossuary)
  17 kobolds
  A kobold zombie (Ossuary)
  3 orc zombies (Ossuary)
  A quokka skeleton (D:4)
  7 rats
314 creatures vanquished.

Vanquished Creatures (collateral kills)
  A troll (D:8)
  An ogre (D:5)
  A howler monkey (D:8)
3 creatures vanquished.

Vanquished Creatures (others)
  A glowing shapeshifter (D:3)
  A human (D:12)
  A lemure (D:9)
  2 goblins (D:3)
  2 hobgoblins (D:3)
  6 plants (D:10)
13 creatures vanquished.

Grand Total: 330 creatures vanquished

Notes
Turn   | Place    | Note
-------+----------+-------------------------------------------
     0 | D:1      | Lekart the Draconian Chaos Knight began the quest for the
                  | Orb.
     0 | D:1      | Reached XP level 1. HP: 19/19 MP: 1/1
   230 | D:1      | XOM: silly message
   365 | D:1      | Reached XP level 2. HP: 20/26 MP: 2/2
   553 | D:1      | XOM: god gift: staff of death
   716 | D:1      | Reached XP level 3. HP: 33/33 MP: 3/3
   915 | D:1      | XOM: cloud trail
  1078 | D:1      | XOM: 2-stop teleportation journey
  1323 | D:2      | Found a faded altar of an unknown god.
  1572 | D:2      | Reached skill level 4 in Axes
  1578 | D:2      | Reached XP level 4. HP: 10/40 MP: 4/4
  1692 | D:2      | XOM: give mutations
  1692 | D:2      | Gained mutation: You are agile. (Dex +2) [Xom's grace]
  1692 | D:2      | Gained mutation: You have a somewhat thin skeletal
                  | structure. (Dex +2, Stealth+) [Xom's grace]
  1692 | D:2      | Gained mutation: You are very agile. (Dex +4) [Xom's grace]
  1752 | D:2      | XOM: 5-stop teleportation journey
  1991 | D:2      | XOM: summons 1 hostile demon
  2162 | D:3      | XOM: noise
  2323 | D:3      | Found Xaent's Weapon Shop.
  2323 | D:3      | XOM: summons 3 hostile shadow creatures
  2334 | D:3      | Found Gairogh's Weapon Boutique.
  2397 | D:3      | XOM: confuse monster(s)
  2402 | D:3      | Noticed Robin
  2410 | D:3      | Noticed a glowing shapeshifter
  2410 | D:3      | a hobgoblin changed into a glowing shapeshifter
  2410 | D:3      | Killed a glowing shapeshifter
  2410 | D:3      | XOM: divine lightning
  2411 | D:3      | Reached XP level 5. HP: 44/47 MP: 5/5
  2419 | D:3      | Killed Robin
  2431 | D:3      | Found Ynareing's Antique Armour Emporium.
  2445 | D:3      | Found Peqips's Weapon Shop.
  2633 | D:3      | Found Meegga's Assorted Antiques.
  2826 | D:4      | Reached skill level 5 in Axes
  2889 | D:4      | XOM: enchant monster (good)
  2895 | D:4      | XOM: blink monster(s)
  2898 | D:4      | Reached XP level 6. HP: 12/53 MP: 6/6
  2934 | D:4      | XOM: divination: detect items
  2941 | D:5      | Entered Level 5 of the Dungeon
  3001 | D:4      | Reached skill level 6 in Axes
  3081 | D:4      | Reached skill level 5 in Fighting
  3081 | D:4      | Your scales start taking on an icy white colour.
  3081 | D:4      | Reached XP level 7. HP: 61/61 MP: 7/7
  3081 | D:4      | Gained mutation: Your flesh is cold resistant. (rC+) [White
                  | Draconian growth]
  3106 | D:4      | XOM: confusion (+ monsters)
  3178 | D:4      | XOM: butterfly on damage
  3568 | D:5      | Found Motwum's Distillery.
  3572 | D:5      | Bought a potion of heal wounds for 60 gold pieces
  3572 | D:5      | Bought a potion of heal wounds for 60 gold pieces
  3616 | D:5      | XOM: summons 3 hostile demons
  3617 | D:5      | Noticed an ice devil
  3617 | D:5      | XOM: confusion (+ monsters)
  3624 | D:5      | XOM: chaos cloud
  3663 | D:5      | XOM: give mutations
  3663 | D:5      | Gained mutation: You sometimes lose the ability to read
                  | scrolls when taking damage. [Xom's mischief]
  3663 | D:5      | Gained mutation: Your tail ends in a venomous barb. [Xom's
                  | mischief]
  3663 | D:5      | Lost mutation: You are very agile. (Dex +4) [Xom's
                  | mischief]
  3663 | D:5      | Lost mutation: You sometimes lose the ability to read
                  | scrolls when taking damage. [Xom's mischief]
  3717 | D:5      | Reached skill level 7 in Axes
  3718 | D:5      | XOM: give mutations
  3718 | D:5      | Gained mutation: Your spells are a little harder to cast,
                  | but a little more powerful. [Xom's grace]
  3718 | D:5      | Gained mutation: You expend magic power (3 MP) to
                  | strengthen your wands. [Xom's grace]
  3727 | D:5      | Xom revived you
  3875 | D:5      | Reached XP level 8. HP: 63/70 MP: 8/8
  4019 | D:5      | Found a staircase to the Ecumenical Temple.
  4070 | D:5      | Reached skill level 8 in Axes
  4244 | D:5      | XOM: 3-stop teleportation journey
  4411 | D:6      | XOM: god gift: +4 vorpal broad axe
  4431 | D:6      | Reached skill level 5 in Dodging
  4462 | D:6      | XOM: fog
  4464 | D:6      | XOM: potion effect (brilliance)
  4554 | D:6      | XOM: scenery: summon butterflies
  4603 | D:6      | XOM: give mutations
  4603 | D:6      | Gained mutation: You are somewhat resistant to further
                  | mutation. [Xom's grace]
  4603 | D:6      | Gained mutation: You passively map a small area around you.
                  | [Xom's grace]
  4603 | D:6      | Gained mutation: You have a beak for a mouth. [Xom's grace]
  4778 | D:6      | Identified the ring "Usasaw" {rC- Str+3 Int+6 Dex+5}
  4788 | D:6      | Reached skill level 9 in Axes
  4798 | D:6      | XOM: enchant monster (good)
  4850 | D:6      | Reached XP level 9. HP: 79/79 MP: 9/9
  4944 | D:6      | XOM: enchant monster (good)
  4949 | D:6      | XOM: enchant monster (bad)
  4964 | D:6      | XOM: scenery: create altars
  5413 | D:6      | XOM: cleaving
  5421 | D:6      | Reached skill level 1 in Evocations
  5595 | D:7      | XOM: confuse monster(s)
  5757 | D:7      | Reached skill level 10 in Axes
  5780 | D:7      | Found a sand-covered staircase.
  5833 | Ossuary  | Entered an ossuary
  5921 | Ossuary  | XOM: god gift: scroll of enchant weapon
  5970 | Ossuary  | XOM: polymorph scorpion -> killer bee
  5974 | Ossuary  | XOM: cleaving
  6017 | Ossuary  | XOM: god gift: staff of death
  6073 | Ossuary  | Identified a scroll of acquirement
  6074 | Ossuary  | Acquired 838 gold pieces
  6080 | Ossuary  | XOM: give mutations
  6080 | Ossuary  | Gained mutation: Your flesh is very cold resistant. (rC++)
                  | [Xom's grace]
  6080 | Ossuary  | Gained mutation: You are robust. (+10% HP) [Xom's grace]
  6080 | Ossuary  | Gained mutation: You have a pair of small horns on your
                  | head. [Xom's grace]
  6313 | D:3      | Bought the +10 scimitar of the Evening {vamp, rF+ Int+2}
                  | for 802 gold pieces
  6379 | D:5      | Bought a potion of curing for 36 gold pieces
  6379 | D:5      | Bought a potion of curing for 36 gold pieces
  6379 | D:5      | Bought a potion of berserk rage for 60 gold pieces
  6650 | D:7      | XOM: give mutations
  6650 | D:7      | Lost mutation: You are somewhat resistant to further
                  | mutation. [Xom's grace]
  6650 | D:7      | Gained mutation: You have hidden genetic potential. [Xom's
                  | grace]
  6650 | D:7      | Gained mutation: You have large cloven feet. [Xom's grace]
  6650 | D:7      | Gained mutation: Your system is resistant to poisons.
                  | (rPois) [Xom's grace]
  6687 | D:7      | Identified the ring "Zatoink" {rElec rCorr Str+2 Slay+4}
                  | (Xom gifted it to you on level 7 of the Dungeon)
  6687 | D:7      | XOM: god gift: ring "Zatoink" {rElec rCorr Str+2 Slay+4}
  6758 | D:7      | XOM: give mutations
  6758 | D:7      | Gained mutation: You have great hidden genetic potential.
                  | [Xom's grace]
  6758 | D:7      | Gained mutation: You possess an exceptional clarity of
                  | mind. [Xom's grace]
  6869 | D:8      | Noticed a troll
  6870 | D:8      | Reached XP level 10. HP: 96/96 MP: 10/10
  6873 | D:8      | XOM: summons 10 friendly demons
  6875 | D:8      | Reached skill level 1 in Long Blades
  6942 | D:8      | Found a glowing golden altar of the Shining One.
  7408 | D:9      | XOM: confuse monster(s)
  7438 | D:9      | Reached skill level 11 in Axes
  7438 | D:9      | XOM: fog
  7586 | D:9      | Gained mutation: You passively map the area around you.
                  | [hidden potential]
  7707 | D:9      | XOM: cast spell 'Alistair's Intoxication'
  7757 | D:9      | Found a staircase to the Orcish Mines.
  7857 | D:9      | XOM: enchant monster (good)
  7860 | D:9      | Noticed Pikel
  7867 | D:9      | Killed Pikel
  7868 | D:9      | Reached skill level 5 in Long Blades
  8090 | D:10     | Entered Level 10 of the Dungeon
  8167 | D:10     | XOM: fog
  8355 | D:10     | XOM: summons friendly crimson imp
  8394 | D:10     | Reached skill level 1 in Stealth
  8640 | D:10     | Reached XP level 11. HP: 96/106 MP: 11/11
  8658 | D:10     | Found a staircase to the Lair.
  8685 | D:10     | XOM: cloud trail
  8818 | D:11     | XOM: 1-stop teleportation journey
  8834 | D:11     | Noticed a boulder beetle
  8844 | D:11     | XOM: cleaving
  8851 | D:11     | Killed a boulder beetle
  8856 | D:11     | XOM: divination: detect items
  8892 | D:11     | XOM: noise
  8901 | D:11     | XOM: confuse monster(s)
  8912 | D:11     | Gained mutation: Your spells are harder to cast, but more
                  | powerful. [hidden potential]
  8912 | D:11     | Lost mutation: You have great hidden genetic potential.
                  | [hidden potential expressed]
  8999 | D:11     | Noticed a two-headed ogre
  9004 | D:11     | Killed a two-headed ogre
  9055 | D:11     | Noticed a two-headed ogre
  9058 | D:11     | Noticed a glowing orange brain
  9058 | D:11     | a two-headed ogre changed into a glowing orange brain
  9063 | D:11     | Killed a glowing orange brain
  9218 | D:11     | XOM: 5-stop teleportation journey
  9681 | D:12     | Noticed Kirke
  9686 | D:12     | XOM: confuse monster(s)
  9690 | D:12     | Killed Kirke
  9749 | D:12     | XOM: enchant monster (good)
  9750 | D:12     | Reached skill level 10 in Fighting
  9769 | D:12     | XOM: repel stairs
  9839 | D:12     | Noticed a purple ugly thing
  9844 | D:12     | XOM: give mutation
  9844 | D:12     | Lost mutation: You are agile. (Dex +2) [Xom's mischief]
  9850 | D:12     | Killed a purple ugly thing
  9851 | D:12     | XOM: stat loss: -1 Str (19/20)
  9912 | D:12     | Noticed Nergalle
  9921 | D:12     | Killed Nergalle
  9922 | D:12     | Reached XP level 12. HP: 107/116 MP: 12/12
 10068 | D:12     | XOM: summons 7 hostile demons
 10223 | D:13     | Noticed a two-headed ogre
 10226 | D:13     | Killed a two-headed ogre
 10231 | D:13     | Noticed a five-headed hydra
 10240 | D:13     | Killed a nine-headed hydra
 10369 | D:13     | Noticed a centaur warrior
 10370 | D:13     | Noticed Azrael
 10370 | D:13     | XOM: 7-stop teleportation journey
 10384 | D:13     | Gained mutation: You have great hidden genetic potential.
                  | [hidden potential]
 10417 | D:13     | Noticed a seven-headed hydra
 10425 | D:13     | Killed a nine-headed hydra
 10450 | D:13     | Identified the amulet of Broken Luck {Reflect rF++ rC+
                  | Str+3 SH+5}
 10497 | D:13     | Noticed a centaur warrior
 10498 | D:13     | XOM: butterfly on damage
 10499 | D:13     | HP: 2/117 [cyan ugly thing (12)]
 10499 | D:13     | Slain by a cyan ugly thing

Illustrated notes

Levels and vault maps discovered:
D:1:      tarquinn_simple_flora_water_f, layout_basic
D:2:      layout_basic, nicolae_ecumenical_snake_handling
D:3:      layout_rooms, serial_shops, nicolae_shop_bloodbath_and_beyond, shop,
          nicolae_shop_statue_plus, nicolae_shop_crystal, shop,
          grunt_decor_junction, nicolae_figureground_pulse, uniq_robin
D:4:      layout_gridville
D:5:      layout_basic, temple_pool_b, serial_shops, shop,
          minmay_strange_pillars
D:6:      layout_basic, minmay_checkerbox
D:7:      layout_gridville, nicolae_ossuary_entry_ruins
D:8:      layout_rooms, lemuel_round_altar, grunt_ministairs_6
D:9:      layout_loops_ring, david_orc_4, uniq_pikel
D:10:     layout_long_grid, david_lair_shrubbed
D:11:     layout_loops_cross
D:12:     layout_rooms, uniq_kirke, uniq_nergalle
D:13:     layout_small_grid, david_vaults_1, nicolae_trove_entry_columns,
          nicolae_wwwww, nicolae_danse_macabre, uniq_azrael

Skill      XL: |  1  2  3  4  5  6  7  8  9 10 11 12 |
---------------+-------------------------------------+-----
Fighting       | 4 5 7 8 9 10 | 10.5
Axes           | 4 5 6 7 9 10 11 | 11.2
Dodging        | 3 4 5 7 8 9 |  9.2
Evocations     | 2 3 |  3.7
Long Blades    | 6 9 |  9.9
Stealth        | 1 4 |  4.2

Action                   |  1- 3 |  4- 6 |  7- 9 | 10-12 || total
-------------------------+-------+-------+-------+-------++-------
Melee: Hand axe          |   116 |   131 |   425 |       ||   672
       Tailslap          |    10 |    14 |    96 |    42 ||   162
       Peck              |       |       |    65 |    59 ||   124
       Scimitar          |       |       |    13 |   236 ||   249
       Headbutt          |       |       |     5 |    73 ||    78
       Kick              |       |       |     4 |   113 ||   117
 Abil: Breathe Frost     |       |       |     3 |     2 ||     5
Evoke: Wand              |       |       |    11 |    15 ||    26
       Piece from Xom's  |       |       |       |    18 ||    18
  Use: Scroll            |     2 |     5 |    19 |     2 ||    28
       Potion            |       |     2 |       |     2 ||     4
 Stab: Sleeping          |     1 |     4 |    12 |     4 ||    21
       Confused          |       |     4 |     5 |     2 ||    11
       Petrified         |       |     2 |       |     6 ||     8
       Paralysed         |       |     1 |     9 |     1 ||    11
       Distracted        |       |       |     2 |       ||     2
       Petrifying        |       |       |     2 |     1 ||     3
Armor: Skin              |    48 |    80 |   139 |   158 ||   425
Dodge: Dodged            |    73 |   113 |   302 |   541 ||  1029

Table legend: (Time is in decaauts)
 A = Elapsed time spent in this place.
 B = Non-inter-level travel time spent in this place.
 C = Inter-level travel time spent in this place.
 D = Time resting spent in this place.
 E = Time spent auto-exploring this place.
 F = Levels seen in this place.
 G = Mean time per level.
                   A        B        C        D        E       F      G
               +--------+--------+--------+--------+--------+-----+--------+
         Total |  10516 |   9957 |    559 |    752 |   6651 |  14 |  751.1 |
       Dungeon |  10191 |   9632 |    559 |    752 |   6612 |  13 |  783.9 |
       Ossuary |    324 |    324 |      0 |      0 |     39 |   1 |  324.0 |
               +--------+--------+--------+--------+--------+-----+--------+

Top non-repeatable levels by time:
     D:1: 1296 daAuts
     D:6: 1148 daAuts
     D:4: 913 daAuts
     D:5: 877 daAuts
     D:2: 864 daAuts
     D:9: 825 daAuts
    D:11: 799 daAuts
    D:10: 727 daAuts
     D:3: 704 daAuts
     D:7: 637 daAuts
    D:12: 611 daAuts
     D:8: 507 daAuts
 Ossuary: 324 daAuts
    D:13: 277 daAuts
